 Dungeon Crawl Stone Soup version 0.27-a0-203-gd48b2df3c9 (webtiles) character file.

Game seed: 15246542053792013063

14 iamserjio the Skirmisher (level 2, 0/29 HPs)
             Began as a Gnoll Abyssal Knight on Jan 30, 2021.
             Was a Follower of Lugonu.
             Slain by an orc priest
             ... wielding a +0 club
              (2 damage)
             ... on level 3 of the Dungeon.
             The game lasted 00:01:59 (231 turns).

iamserjio the Skirmisher (Gnoll Abyssal Knight)      Turns: 231, Time: 00:02:00

Health: 0/29       AC:  3    Str: 11    XL:     2   Next: 45%
Magic:  5/5        EV: 12    Int: 11    God:    Lugonu [*.....]
Gold:   37         SH:  0    Dex: 11    Spells: 1/1 levels left

rFire    . . .     SeeInvis .   a - +1 hand axe
rCold    . . .     Faith    .   (no shield)
rNeg     . . .     Spirit   .   b - +0 leather armour
rPois    .         Reflect  .   (no helmet)
rElec    .         Harm     .   (no cloak)
rCorr    .         Rampage  .   (no gloves)
Will     .....                  (no boots)
Stlth    +.........             (no amulet)
HPRegen  0.09/turn              (no ring)
MPRegen  0.09/turn              (no ring)

@: no status effects
A: distributed training, fangs 1, strong nose
a: Renounce Religion, Depart the Abyss


You were on level 3 of the Dungeon.
You worshipped Lugonu.
Lugonu was aware of your devotion.
You visited 1 branch of the dungeon, and saw 3 of its levels.
You visited the Abyss 1 time.

You collected 37 gold pieces.

Inventory:

Hand Weapons
 a - a +1 hand axe (weapon)
 e - a +0 spear
 h - a +0 dagger
Armour
 b - a +0 leather armour (worn)
 c - a +0 scale mail
 g - a +0 pair of gloves
Jewellery
 f - an uncursed ring of ice {unknown}
Scrolls
 d - 3 scrolls of blinking {unknown}


   Skills:
 + Level 6.5 Fighting
 + Level 0.4 Short Blades
 + Level 0.4 Long Blades
 + Level 4.5 Axes
 + Level 0.4 Maces & Flails
 + Level 0.4 Polearms
 + Level 0.4 Staves
 + Level 0.4 Slings
 + Level 0.4 Bows
 + Level 0.4 Crossbows
 + Level 0.4 Throwing
 + Level 4.5 Armour
 + Level 2.5 Dodging
 + Level 0.4 Stealth
 + Level 0.4 Shields
 + Level 0.4 Unarmed Combat
 + Level 0.4 Spellcasting
 + Level 0.2 Conjurations
 + Level 0.2 Hexes
 + Level 0.2 Summonings
 + Level 0.2 Necromancy
 + Level 0.2 Translocations
 + Level 0.2 Transmutations
 + Level 0.2 Fire Magic
 + Level 0.2 Ice Magic
 + Level 0.2 Air Magic
 + Level 0.2 Earth Magic
 + Level 0.2 Poison Magic
 + Level 4.5 Invocations
 + Level 0.4 Evocations


You had one spell level left.
You didn't know any spells.
Your spell library was empty.

Dungeon Overview and Level Annotations

Branches:
Dungeon (3/15)

Altars:
Vehumet


Innate Abilities, Weirdness & Mutations

Your experience applies equally to all skills.
You have very sharp teeth.
Your uncanny sense of smell can sniff out nearby items.


Message History

The orc priest misses you.
You aren't carrying any potions.
Unknown command.
You closely miss the orc priest. You hit the orc but do no damage.
The orc hits you with a +0 flail!
* * * LOW HITPOINT WARNING * * *
The orc priest calls upon Beogh to heal the orc.
The orc's wounds heal themselves!
You hit the orc priest but do no damage.
You hit the orc. The orc priest hits you with a +0 club.
* * * LOW HITPOINT WARNING * * *
The orc closely misses you.
You barely miss the orc priest. Your bite misses the orc priest.
You hit the orc but do no damage. The orc priest barely misses you.
The orc hits you but does no damage.
You hit the orc priest. You barely miss the orc.
The orc priest closely misses you. The orc completely misses you.
You barely miss the orc priest. You hit the orc.
The orc priest hits you with a +0 club.
You die...

#.#.##....#.#
#.#.####### #
#.#.##... #.#....#
##.####.###..#####
...........>......
##.####.###.######
#)# .# #@# ##
#oo...# )l....#
######.... ###


You could see an orc priest, an orc and a leopard gecko.

Vanquished Creatures
  A worm (D:3)
  An orc (D:3)
  3 bats
  2 giant cockroaches (D:3)
  A hobgoblin (D:3)
  2 goblins
10 creatures vanquished.

Notes
Turn   | Place    | Note
-------+----------+-------------------------------------------
     0 | Abyss:1  | iamserjio the Gnoll Abyssal Knight began the quest for the
                  | Orb.
     0 | Abyss:1  | Reached XP level 1. HP: 23/23 MP: 3/3
    36 | D:1      | Escaped the Abyss
    68 | D:2      | Reached XP level 2. HP: 28/29 MP: 5/5
    68 | D:2      | Found a radiant altar of Vehumet.
   231 | D:3      | Slain by an orc priest

Illustrated notes

Levels and vault maps discovered:
D:1:      dpeg_arrival_fog, layout_basic
D:2:      layout_basic, lemuel_zombie_altar_yredelemnul, marbit_many_paths,
          vehumet_crystals
D:3:      layout_basic

Action                   || total
-------------------------++-------
Melee: Hand axe          ||    39
       Bite              ||     2
Armor: Leather armour    ||    11
Dodge: Dodged            ||    33

Table legend: (Time is in decaauts)
 A = Elapsed time spent in this place.
 B = Non-inter-level travel time spent in this place.
 C = Inter-level travel time spent in this place.
 D = Time resting spent in this place.
 E = Time spent auto-exploring this place.
 F = Levels seen in this place.
 G = Mean time per level.
                   A        B        C        D        E       F      G
               +--------+--------+--------+--------+--------+-----+--------+
         Total |    235 |    217 |     18 |      0 |      0 |   4 |   58.8 |
       Dungeon |    199 |    181 |     18 |      0 |      0 |   3 |   66.3 |
         Abyss |     36 |     36 |      0 |      0 |      0 |   1 |   36.0 |
               +--------+--------+--------+--------+--------+-----+--------+

Top non-repeatable levels by time:
     D:1: 68 daAuts
     D:2: 67 daAuts
     D:3: 63 daAuts
 Abyss:1: 36 daAuts
